Zazza, neutral female gnomish Wizard ----------- #####-^...@r...| #####################|.........| -------- #-------------### #|.........| |......| #|............# #|[.......f| |......| #|...........| #..........| |....<..##############..........{..#[#####-+-.------- |......| ###|...........| ### |......| # |...........| # |....... ## |...........| ### -------- ------------- ---.- |...| |.*.| |.._| --.-- Zazza the Conjurer Experience level: 4 Strength: 9 Dexterity: 15 Constitution: 13 Intelligence: 19 Wisdom: 12 Charisma: 10 Health: 0(27) Energy: 10(28) Def: 1 Gold: 349 Moves: 2949 Dungeon seed: z7W0HTnVFLlIgWJk Game ID: Zazza_1533229694 Your Inventory: Coins $ - 349 gold pieces Weapons a - a blessed +1 quarterstaff r - 2 +0 orcish daggers (in quiver) C - 9 +0 darts D - a +0 elven dagger (weapon in hand) Armor e - an uncursed +0 cloak of magic resistance (being worn) Comestibles v - an uncursed tripe ration H - an uncursed food ration Scrolls i - an uncursed scroll of identify j - an uncursed scroll of enchant weapon k - an uncursed scroll of scare monster p - an uncursed scroll of light z - an uncursed scroll of fire Spellbooks l - a blessed spellbook of force bolt m - an uncursed spellbook of healing Potions f - an uncursed potion of object detection g - an uncursed potion of gain ability h - a blessed potion of booze I - an uncursed potion of healing Rings c - an uncursed ring of fire resistance d - an uncursed ring of warning (on left hand) Wands b - a wand of striking (0:4) u - a wand of teleportation (0:5) Tools w - 4 uncursed tallow candles (0:200) Gems n - an uncursed worthless piece of violet glass q - an uncursed worthless piece of white glass y - an uncursed worthless piece of red glass N - an uncursed aquamarine stone Spells and supernatural/magical abilities: Name Level Category Fail Memory a - force bolt 1 attack 0% 86% h - healing 1 healing 0% 86% W - pray for help -- divine ? -- Your skills at the end: Fighting Skills Weapon Skills dagger [Basic] quarterstaff [Basic] Spellcasting Skills attack spells [Basic] enchantment spells [Basic] Final Attributes: You were piously aligned. You were magic-protected. You were warned. You had infravision. You are dead. Vanquished creatures: a leprechaun a straw golem a kobold shaman 2 hill orcs 2 werejackals a gas spore 3 hobbits a large kobold a giant rat 2 geckos 7 jackals 2 foxes a kobold 3 goblins 3 grid bugs 6 lichens 2 kobold zombies 7 newts 46 creatures vanquished. Voluntary challenges: You used a wielded weapon 50 times, starting on turn 22. You read items or engraved 1 time, starting on turn 483. You never genocided any monsters. You never polymorphed an object. You never changed form. You used no wishes. You never split a pudding. You never wrote Elbereth's name. You never violated your personal moral code. Dungeon overview: The Dungeons of Doom: levels 1 to 4 Level 1 an altar to Ptah a long staircase Level 2 stairs to The Gnomish Mines Level 3 Level 4 <- You were here some altars to Ptah and Thoth, a fountain The Gnomish Mines: Level 3 stairs to The Dungeons of Doom History has recorded: On T:1 you entered the Dungeons of Doom to retrieve the Amulet of Yendor! On T:533 you reached level 2 of The Dungeons of Doom. On T:870 you advanced to experience level 2. On T:889 you reached level 1 of The Gnomish Mines. On T:1293 you reached level 3 of The Dungeons of Doom. On T:1556 you advanced to experience level 3. On T:2470 you reached level 4 of The Dungeons of Doom. On T:2503 you advanced to experience level 4. Score breakdown: Gold: 349 ( 8654 points) Experience: 4 levels ( 9649 points) Exploration: 4 levels ( 8.89%) ( 7833 points) Discoveries: 1 item ( 0.35%) ( 1770 points) Valuables value: (no points given unless you survive) Artifact value: 0 ( 0 points) Variety of kills: 18 monsters ( 4.72%) ( 6520 points) Turncount: 2949 turns ( -574 points) Survival: died (score multiplied by 80%) Total score: 27081 Latest messages: The wererat changes into a rat. The wererat's helmet falls to the floor! You displace Armand. Armand bites the wererat. Armand misses the wererat. (3x) The wererat bites! Armand misses the wererat. You are beginning to feel hungry. There is an altar to Thoth (neutral) here. You see here an uncursed hill orc corpse. Armand bites the wererat. The wererat misses Armand. Armand misses the wererat. The spell misses it. The wererat summons help! The wererat bites! The spell misses it. The spell hits it. You kill the giant rat! The wererat bites! You die... Final status: Goodbye Zazza the Wizard, killed by a wererat... You died in The Dungeons of Doom on dungeon level 4 with 27081 points, and 349 pieces of gold, after 2949 moves. You were level 4 with a maximum of 27 hit points when you died.